 Dungeon Crawl Stone Soup version 0.31-a0-705-ga145531891 (webtiles) character file.

Game seed: 165185746246736019

91 Xavori the Cutter (level 4, -4/33 HPs)
             Began as an Octopode Chaos Knight on Sept 10, 2023.
             Was a Plaything of Xom.
             Slain by a swamp worm (shapeshifter) (9 damage)
             ... on level 2 of the Dungeon.
             The game lasted 00:01:04 (4612 turns).

Xavori the Cutter (Octopode Chaos Knight)           Turns: 4612, Time: 00:01:06

Health: -4/33      AC:  1    Str: 15      XL:     4   Next: 57%
Magic:  4/4        EV: 13    Int: 13      God:    Xom [..*...]
Gold:   68         SH:  0    Dex: 11 (12) Spells: 3/3 levels left

rFire   . . .        a - +0 short sword (chaos)
rCold   . . .        (no shield)
rNeg    . . .        (helmet restricted)
rPois   .            (no amulet)
rElec   .            (no ring)
rCorr   .            (no ring)
SInv    .            (no ring)
Will    .....        (no ring)
Stlth   ++++         (no ring)
HPRegen 0.25/turn    (no ring)
MPRegen 0.09/turn    (no ring)
                     (no ring)

%: no passive effects
@: attractive, hasted, very quick
A: almost no armour, amphibious, 8 rings, camouflage 2, gelatinous body 1,
(nimble swimmer 1), tentacles, strong 1, inability to read after injury 1
a: Renounce Religion


You were on level 2 of the Dungeon.
You worshipped Xom.
You were a toy of Xom.
You visited 1 branch of the dungeon, and saw 2 of its levels.

You collected 68 gold pieces.

Inventory:

Hand Weapons
 a - a +0 short sword of chaos (weapon)
Jewellery
 c - a ring of positive energy
Scrolls
 b - a scroll of butterflies
 g - a scroll of teleportation {unknown}
 i - 2 scrolls of identify {unknown}
 j - 2 scrolls of vulnerability {unknown}
 l - a scroll of summoning {unknown}
Potions
 d - a potion of attraction
 e - a potion of curing {unknown}
 h - a potion of ambrosia {unknown}
Miscellaneous
 k - a box of beasts


   Skills:
 + Level 3.8 Fighting
 + Level 3.9 Short Blades
 + Level 2.9 Dodging
 + Level 1.8 Stealth


You had 3 spell levels left.
You didn't know any spells.
Your spell library was empty.

Dungeon Overview and Level Annotations

Branches:
Dungeon (2/15)

Altars:
Xom


Innate Abilities, Weirdness & Mutations

You cannot wear most types of armour.
You are amphibious.
You can wear up to eight rings at the same time.
Your skin blends seamlessly with your surroundings (Stealth++).
Your rubbery body absorbs attacks. (AC +1, EV +1)
((You are camouflaged when in or above water. (Stealth+)))
You have tentacles for arms and can constrict up to eight enemies at once.
Your muscles are strong. (Str +4, Int/Dex -1)
You occasionally lose the ability to read scrolls when taking damage.


Message History

Unknown command.
You closely miss the adder. Your grab misses the adder.
You pierce the adder.
The adder is moderately wounded.
The adder misses you.
Unknown command.
You closely miss the adder. You grab the adder.
The adder is moderately wounded.
You constrict the adder. The adder barely misses you.
Unknown command.
You hit the adder. You burn the adder.
You pierce the adder.
You kill the adder!
Unknown command.
You hit the worm but do no damage.
The worm changes into a shapeshifter!
Your grab misses the shapeshifter.
You pierce the shapeshifter.
The shapeshifter is lightly wounded.
The shapeshifter changes into a swamp worm!
Unknown command.
You hit the swamp worm.
The swamp worm is poisoned.
Your grab misses the swamp worm.
The swamp worm is lightly wounded.
Unknown command.
You hit the swamp worm. You burn the swamp worm.
Your grab misses the swamp worm.
The swamp worm is lightly wounded.
The swamp worm bites you!
Unknown command.
You are too injured to fight recklessly!
It was a potion of attraction.
You feel attractive to monsters. The swamp worm bites you!
* * * LOW HITPOINT WARNING * * *
You emit a cloud of colourful smoke!
It was a potion of mutation.
You feel extremely strange.
Your tentacle spike becomes smaller.
Your tentacle spike disappears.
You occasionally lose the ability to read scrolls when taking damage.
You feel stronger.
Xom roars with laughter!
Xom grants you a minor favour.
You feel yourself speed up. The swamp worm bites you!
You die...
Xom cackles wildly!

#.......#. ........
#### .......#
.....#......###
.....#........##
.......?....#..##
.....#w§§#......##
......§@#.#.#....##
##.###§.§#........#
#..†..†.#.#.#.#
....#.....#.......#
#.###?...#...#....#
# #...#...#.#....#
#..#.....#.....'
#.#............#
#.............#


You could see a swamp worm shaped shifter (very poisoned).

Vanquished Creatures
  A howler monkey (D:1)
  2 adders (D:2)
  A dart slug (D:1)
  2 bats (D:1)
  6 endoplasms
  2 giant cockroaches (D:1)
  2 goblins (D:1)
  2 hobgoblins (D:1)
  3 quokkas (D:1)
  4 ball pythons
  2 frilled lizards (D:1)
  5 kobolds
  3 rats
35 creatures vanquished.

Notes
Turn   | Place    | Note
-------+----------+-------------------------------------------
     0 | D:1      | Xavori the Octopode Chaos Knight began the quest for the
                  | Orb.
     0 | D:1      | Reached XP level 1. HP: 16/16 MP: 1/1
   233 | D:1      | XOM: divination: detect items
   296 | D:1      | Found a faded altar of an unknown god.
   316 | D:1      | Reached XP level 2. HP: 21/21 MP: 2/2
   456 | D:1      | Reached XP level 3. HP: 21/26 MP: 3/3
   678 | D:1      | XOM: polymorph ball python -> howler monkey
   680 | D:1      | XOM: potion effect (might)
   682 | D:1      | Reached skill level 1 in Stealth
   682 | D:1      | Reached XP level 4. HP: 23/33 MP: 4/4
  1798 | D:1      | XOM: silly message
  2530 | D:1      | XOM: scenery: summon butterflies
  2868 | D:1      | XOM: cloud trail
  2973 | D:1      | XOM: give mutations
  2973 | D:1      | Gained mutation: One of your tentacles bears a spike.
                  | [Xom's grace]
  2973 | D:1      | Gained mutation: Your skin blends seamlessly with your
                  | surroundings (Stealth++). [Xom's grace]
  2973 | D:1      | Gained mutation: One of your tentacles bears a nasty spike.
                  | [Xom's grace]
  3134 | D:1      | XOM: scenery: create altars
  3408 | D:1      | XOM: god gift: box of beasts
  3754 | D:1      | XOM: stat loss: -1 Dex (12/13)
  4082 | D:1      | XOM: divination: detect items
  4320 | D:1      | XOM is BORED!
  4320 | D:1      | XOM: summons 3 hostile shadow creatures
  4586 | D:2      | XOM: 2-stop teleportation journey
  4608 | D:2      | a worm changed into a shapeshifter
  4608 | D:2      | Noticed a shapeshifter (shapeshifter)
  4608 | D:2      | a shapeshifter changed into a swamp worm
  4608 | D:2      | Noticed a swamp worm (shapeshifter)
  4611 | D:2      | XOM: smoke on damage
  4612 | D:2      | Lost mutation: One of your tentacles bears a nasty spike.
                  | [potion of mutation]
  4612 | D:2      | Lost mutation: One of your tentacles bears a spike. [potion
                  | of mutation]
  4612 | D:2      | Gained mutation: You occasionally lose the ability to read
                  | scrolls when taking damage. [potion of mutation]
  4612 | D:2      | Gained mutation: Your muscles are strong. (Str +4, Int/Dex
                  | -1) [potion of mutation]
  4612 | D:2      | XOM: potion effect (haste)
  4612 | D:2      | Slain by a swamp worm (shapeshifter)

Illustrated notes

Levels and vault maps discovered:
D:1:      nicolae_arrival_washed_ashore, layout_loops_ring,
          basic_ecumenical_altar, minmay_quantized
D:2:      layout_loops_corners, hangedman_decor_opposing

Skill      XL: |  1  2  3 |
---------------+----------+-----
Stealth        | 1 |  1.8
Fighting       | |  3.8
Short Blades   | |  3.9
Dodging        | |  2.9

Action                     |  1- 3 |  4- 6 || total
---------------------------+-------+-------++-------
  Melee: Short sword       |    45 |    27 ||    72
         Constrict         |    11 |     3 ||    14
         Tentacles         |     9 |     2 ||    11
         Kick              |       |     5 ||     5
         Punch             |       |     1 ||     1
    Use: Potion            |       |     2 ||     2
   Stab: Sleeping          |     4 |     5 ||     9
 Armour: Skin              |    14 |    11 ||    25
  Dodge: Dodged            |    24 |    10 ||    34

Table legend: (Time is in decaauts)
 A = Elapsed time spent in this place.
 B = Non-inter-level travel time spent in this place.
 C = Inter-level travel time spent in this place.
 D = Time resting spent in this place.
 E = Time spent auto-exploring this place.
 F = Levels seen in this place.
 G = Mean time per level.
                   A        B        C        D        E       F      G
               +--------+--------+--------+--------+--------+-----+--------+
         Total |   4600 |   4534 |     66 |   3514 |    826 |   2 | 2300.0 |
       Dungeon |   4600 |   4534 |     66 |   3514 |    826 |   2 | 2300.0 |
               +--------+--------+--------+--------+--------+-----+--------+

Top non-repeatable levels by time:
     D:1: 4312 daAuts
     D:2: 288 daAuts
